 Dungeon Crawl Stone Soup version 0.32-a0-898-g7811c86cf0 (webtiles) character file.

Game seed: 2020661386755427701

1556 DEFE the Cleaver (level 8, -1/58 HPs)
             Began as a Coglin Fighter on Apr 4, 2024.
             Slain by a gnoll
             ... wielding a +0 spear
              (2 damage)
             ... on level 4 of the Dungeon.
             The game lasted 00:03:47 (4850 turns).

DEFE the Cleaver (Coglin Fighter)                   Turns: 4850, Time: 00:03:48

Health: -1/58      AC:  7    Str: 18 (19) XL:     8   Next: 88%
Magic:  8/8        EV:  8    Int:  6 (7)  God:
Gold:   68         SH:  0    Dex: 11 (14) Spells: 7/7 levels left

rFire   . . .        a - +0 war axe {Seojun}
rCold   . . .        n - +0 hand axe {Impisi}
rNeg    . . .        b - +0 scale mail
rPois   .            q - +0 helmet
rElec   .            (no cloak)
rCorr   .            (no gloves)
SInv    .            (no boots)
Will    .....        (amulet unavailable) Stlth
                     (ring unavailable)
HPRegen 0.29/turn    (ring unavailable)
MPRegen 0.11/turn    (no gizmo)

%: no passive effects
@: lethally poisoned (-1 -> -7), revving
A: off-hand wielding, slow wielding, warmup strikes, no jewellery
a: Invent Gizmo


You were on level 4 of the Dungeon.
You visited 1 branch of the dungeon, and saw 5 of its levels.

You collected 152 gold pieces.
You spent 84 gold pieces at shops.

Inventory:

Hand Weapons
 a - a +0 war axe (weapon) {Seojun}
 n - a +0 hand axe (offhand) {Impisi}
Armour
 b - a +0 scale mail (worn)
 c - a +0 buckler
 q - a +0 helmet (worn)
Wands
 d - a wand of mindburst (11)
 f - a wand of polymorph (5)
Scrolls
 g - a scroll of vulnerability
 j - a scroll of fog
 o - 2 scrolls of fear
 r - a scroll of teleportation
 s - a scroll of amnesia
 t - a scroll of noise {unknown}
Potions
 e - a potion of attraction
 i - a potion of magic
 k - 2 potions of enlightenment


   Skills:
 - Level 3.0 Fighting
 + Level 11.0 Axes
 - Level 2.6 Armour
 - Level 2.1 Shields


You had 7 spell levels left.
You didn't know any spells.
Your spell library contained the following spells:

 Spells                   Type           Power      Damage    Failure   Level
 Apportation              Tloc           0%         N/A       85%         1
 Necrotise                Necr           0%         1d4       85%         1
 Sting                    Conj/Alch      0%         1d3       85%         1
 Summon Small Mammal      Summ           0%         N/A       85%         1
 Fugue of the Fallen      Necr           0%         N/A       99%         3
 Ozocubu's Armour         Ice            0%         N/A       99%         3
 Tukima's Dance           Hex            0%         N/A       99%         3
 Dimensional Bullseye     Hex/Tloc       0%         N/A       100%        4
 Iskenderun's Mystic Bla Conj/Tloc 0%             2d3        (+2d1     100%        4
 Vhi's Electric Charge    Tloc/Air       0%         N/A       100%        4
 Arcjolt                  Conj/Air       0%         1d10      100%        5
 Plasma Beam              Fire/Air       0%         2x1d10    100%        6
 Manifold Assault         Tloc           0%         N/A       100%        7


Dungeon Overview and Level Annotations

Branches:
Dungeon (5/15)
 Temple: D:4-7

Altars:
The Shining One

Shops:
D:1 [   D:4 ?


Innate Abilities, Weirdness & Mutations

You can wield a second weapon in your off-hand.
It takes a long time for you to wield or remove held weapons.
Your first few attacks do less damage.
You cannot equip rings or amulets.


Message History

The gnoll hits you from afar with a +0 spear.
* * * LOW HITPOINT WARNING * * *
Unknown command.
You rip the net and break free!
You feel sick. The scorpion barely misses you.
The gnoll hits you but does no damage.
The scorpion stings you but does no damage.
Unknown command.
You hit the scorpion with your +0 war axe.
The scorpion is almost dead.
You closely miss the scorpion with your +0 hand axe.
You feel sick. The scorpion stings you.
* * * LOW HITPOINT WARNING * * *
You are lethally poisoned!
The scorpion poisons you!
The gnoll hits you from afar with a +0 spear.
* * * LOW HITPOINT WARNING * * *
Unknown command.
Unknown command.
You hit the scorpion but do no damage.
The scorpion is almost dead.
You hit the scorpion but do no damage.
* * * LOW HITPOINT WARNING * * *
You feel very sick. The scorpion barely misses you.
The gnoll hits you from afar with a +0 spear.
* * * LOW HITPOINT WARNING * * *
Okay, then.
You closely miss the scorpion with your +0 war axe.
The scorpion is almost dead.
You hit the scorpion with your +0 hand axe.
You kill the scorpion!
* * * LOW HITPOINT WARNING * * *
You feel sick.
You feel your strength returning.
Your Axes skill increases to level 11!
Unknown command.
Unknown command.
* * * LOW HITPOINT WARNING * * *
You feel sick. The gnoll hits you with a +0 spear.
You die...

#.#..# #.## #.#^.#
#.# #.#..# #.#
#.#..# #.# #.#..#
#.# #.#..# #.#
#.#..####### #.#
#..........#####.#
##########...>@g.#
#########


You could see a gnoll.

Vanquished Creatures
  Pikel (D:4)
  Sigmund (D:4)
  Menkaure (D:5)
  Duvessa (D:5)
  3 lemures (D:4)
  Blork the orc (D:5)
  A kobold brigand (D:4)
  4 scorpions
  Dowan (D:5)
  A gnoll bouda (D:5)
  An iguana (D:4)
  Ijyb (D:4)
  6 gnolls
  6 adders
  A shadow imp (D:5)
  A white imp (D:5)
  A dart slug (D:1)
  3 ribbon worms
  2 orcs (D:4)
  4 bats
  10 endoplasms
  3 giant cockroaches
  2 goblins
  3 hobgoblins
  10 jackals
  4 quokkas
  7 ball pythons
  3 frilled lizards
  11 kobolds
  3 rats
97 creatures vanquished.

Notes
Turn   | Place    | Note
-------+----------+-------------------------------------------
     0 | D:1      | DEFE the Coglin Fighter began the quest for the Orb.
     0 | D:1      | Reached XP level 1. HP: 18/18 MP: 1/1
   127 | D:1      | Reached XP level 2. HP: 24/24 MP: 2/2
   291 | D:1      | Reached skill level 3 in Axes
   513 | D:1      | Found Joagot's Antique Armour Shoppe.
   523 | D:1      | You fall into a shaft and drop 1 floor!
   556 | D:2      | Reached XP level 3. HP: 29/29 MP: 3/3
  1122 | D:1      | Reached skill level 4 in Axes
  1502 | D:2      | Reached XP level 4. HP: 35/35 MP: 4/4
  2490 | D:3      | Found a faded altar of an unknown god.
  2977 | D:4      | Found Dithres's Magic Scroll Emporium.
  3026 | D:4      | Noticed a scorpion
  3027 | D:4      | Reached skill level 5 in Axes
  3038 | D:4      | Killed a scorpion
  3039 | D:4      | Reached XP level 5. HP: 30/41 MP: 5/5
  3112 | D:4      | Reached skill level 6 in Axes
  3112 | D:4      | Reached XP level 6. HP: 42/47 MP: 6/6
  3188 | D:4      | Bought a scroll of teleportation for 36 gold pieces
  3188 | D:4      | Bought a scroll of amnesia for 48 gold pieces
  3660 | D:4      | Noticed Pikel
  3680 | D:4      | Killed Pikel
  3681 | D:4      | Reached skill level 8 in Axes
  3681 | D:4      | Reached XP level 7. HP: 27/52 MP: 7/7
  3717 | D:4      | Noticed Ijyb
  3724 | D:4      | Killed Ijyb
  3828 | D:4      | Noticed Sigmund
  3848 | D:4      | Killed Sigmund
  3849 | D:4      | Reached skill level 9 in Axes
  3849 | D:4      | Reached XP level 8. HP: 50/58 MP: 8/8
  3988 | D:4      | Identified the +0 pair of boots of Romuen {rC++ rN+ Int-5
                  | Stlth-}
  4154 | D:5      | Entered Level 5 of the Dungeon
  4154 | D:5      | Noticed Menkaure
  4155 | D:5      | Found a glowing golden altar of the Shining One.
  4161 | D:5      | Killed Menkaure
  4431 | D:5      | Reached skill level 10 in Axes
  4434 | D:5      | Noticed Duvessa
  4436 | D:5      | Noticed Dowan
  4439 | D:5      | Noticed Blork the orc
  4454 | D:5      | Killed Duvessa
  4467 | D:5      | Killed Blork the orc
  4471 | D:5      | Killed Dowan
  4849 | D:4      | HP: 2/58 [poisoned by a scorpion]
  4850 | D:4      | Reached skill level 11 in Axes
  4850 | D:4      | Slain by a gnoll

Illustrated notes

Levels and vault maps discovered:
D:1:      roderic_crop_circles_arrival_small, layout_loops_ring, serial_shops,
          nicolae_shop_statue_plus
D:2:      layout_basic, minivault_25, serial_bayou_lake_a
D:3:      layout_loops_ring, ebering_ecumenical_altar_rust, kennysheep_donut
D:4:      layout_loops_ring, serial_shops, shop_statue, uniq_sigmund,
          uniq_pikel, uniq_ijyb
D:5:      nicolae_cairo_tiling, layout_loops_cross, kennysheep_little_box,
          mainiacjoe_overflow_paths, uniq_blork_the_orc, uniq_menkaure,
          uniq_duvessa

Skill      XL: |  1  2  3  4  5  6  7  8 |
---------------+-------------------------+-----
Axes           | 3 4 5 6 8 9 11 | 11.0
Fighting       | |  3.0
Armour         | |  2.6
Shields        | |  2.1

Action                     |  1- 3 |  4- 6 |  7- 9 || total
---------------------------+-------+-------+-------++-------
  Melee: War axe           |   120 |    89 |    78 ||   287
         Hand axe          |       |    72 |    77 ||   149
         Unarmed           |       |       |     4 ||     4
    Use: Scroll            |       |     6 |       ||     6
         Potion            |       |     3 |     5 ||     8
   Stab: Confused          |       |       |     1 ||     1
 Armour: Scale mail        |   111 |    61 |    77 ||   249
         Skin              |       |       |     2 ||     2
  Dodge: Dodged            |    61 |    50 |    23 ||   134
  Block: Buckler           |    32 |     2 |       ||    34

Table legend: (Time is in decaauts)
 A = Elapsed time spent in this place.
 B = Non-inter-level travel time spent in this place.
 C = Inter-level travel time spent in this place.
 D = Time resting spent in this place.
 E = Time spent auto-exploring this place.
 F = Levels seen in this place.
 G = Mean time per level.
                   A        B        C        D        E       F      G
               +--------+--------+--------+--------+--------+-----+--------+
         Total |   4931 |   4701 |    230 |    891 |   3095 |   5 |  986.2 |
       Dungeon |   4931 |   4701 |    230 |    891 |   3095 |   5 |  986.2 |
               +--------+--------+--------+--------+--------+-----+--------+

Top non-repeatable levels by time:
     D:2: 1239 daAuts
     D:4: 1230 daAuts
     D:1: 910 daAuts
     D:3: 908 daAuts
     D:5: 641 daAuts
